 Dungeon Crawl Stone Soup version 0.19-a0-1587-gaef70b6 (webtiles) character file.

8766 dvd the Thaumaturge (level 11, -2/78 HPs)
             Began as a Human Fire Elementalist on Sept 17, 2016.
             Was a Priest of Vehumet.
             Slain by a five-headed hydra (9 damage)
             ... on level 8 of the Dungeon.
             The game lasted 00:56:20 (15324 turns).

dvd the Thaumaturge (Human Fire Elementalist)      Turns: 15324, Time: 00:56:21

Health: -2/78      AC: 11    Str: 13    XL:     11   Next: 61%
Magic:  4/23       EV: 22    Int: 19    God:    Vehumet [***...]
Gold:   609        SH:  0    Dex: 18    Spells: 7 memorised, 8 levels left

rFire  + . .     SeeInvis .     K - +0 mace (protect)
rCold  . . .     Gourm    .     H - +1 robe {rF+}
rNeg   . . .     Faith    .     (no shield)
rPois  .         Spirit   .     (no helmet)
rElec  .         Dismiss  .     j - +0 cloak
rCorr  .         Reflect  .     (no gloves)
MR     .....     Harm     .     v - +1 pair of boots
Stlth  ++++......               A - amulet of regeneration
                                (no ring)
                                m - +4 ring of strength

@: agile
A: no striking features
a: Renounce Religion


You were on level 8 of the Dungeon.
You worshipped Vehumet.
Vehumet was most pleased with you.
You were hungry.

You visited 4 branches of the dungeon, and saw 12 of its levels.

You collected 609 gold pieces.

Inventory:

Hand Weapons
 a - a +2 whip of freezing
 e - a +0 morningstar
 t - a +1 falchion
 u - a +0 dagger of venom
 w - a +0 long sword
 y - a +1 hand axe of freezing
 z - a +2 dagger of draining
 D - a +1 dagger of chaos
 K - a +0 mace of protection (weapon)
 M - a +0 scimitar of holy wrath
 O - a +0 short sword of flaming
 P - a +3 dagger of venom
Armour
 f - a +0 robe
 j - a +0 cloak (worn)
 v - a +1 pair of boots (worn)
 H - a +1 robe of fire resistance (worn)
Magical Staves
 E - an uncursed staff of summoning
Jewellery
 m - a +4 ring of strength (left hand)
 A - an amulet of regeneration (around neck)
 B - an uncursed ring of ice
Wands
 n - a wand of flame (13/48)
 s - a wand of digging (6/24)
 x - a wand of acid (3/15)
Scrolls
 d - a scroll of enchant weapon {unknown}
 i - 5 scrolls of teleportation
 o - 9 scrolls of identify
 p - 2 scrolls of recharging
 J - a scroll of remove curse
 L - a scroll of fog
Potions
 l - 3 potions of might
 q - 2 potions of haste
Books
 b - a book of Flames

   Spells                             Type                      Level
   a - Flame Tongue                   Conjuration/Fire             1
   b - Throw Flame                    Conjuration/Fire             2
   c - Conjure Flame                  Conjuration/Fire             3
   d - Inner Flame                    Hexes/Fire                   3
   e - Sticky Flame                   Conjuration/Fire             4
   f - Fireball                       Conjuration/Fire             5
 F - a Fen Folio

   Spells                             Type                      Level
   a - Corpse Rot                     Necromancy                   2
   b - Stone Arrow                    Conjuration/Earth            3
   c - Leda's Liquefaction            Hexes/Earth                  4
   d - Summon Forest                  Summoning/Translocation      5
   e - Hydra Form                     Transmutation                6
   f - Summon Hydra                   Summoning                    7
Comestibles
 c - 6 bread rations
 h - 6 meat rations
 C - 4 fruits
 I - 10 royal jellies


   Skills:
 + Level 4.5 Fighting
 + Level 0.4 Long Blades
 + Level 6.0 Maces & Flails
 + Level 6.3 Dodging
 + Level 4.6 Stealth
 + Level 8.3 Spellcasting
 + Level 7.5 Conjurations
 + Level 7.7 Fire Magic
 + Level 2.8 Ice Magic


You had 8 spell levels left.
You knew the following spells:

 Your Spells              Type           Power        Failure   Level  Hunger
a - Flame Tongue          Conj/Fire      #####        1%          1    None
b - Throw Flame           Conj/Fire      #####.       1%          2    None
c - Conjure Flame         Conj/Fire      #####...     1%          3    None
d - Sticky Flame          Conj/Fire      #####...     1%          4    ###....
e - Freeze                Ice            ###.         1%          1    None
f - Fireball              Conj/Fire      #####.....   3%          5    #####..
g - Searing Ray           Conj           #####.       1%          2    None


Dungeon Overview and Level Annotations

Branches:
Dungeon (9/15)             Temple (1/1) D:5            Lair (1/6) D:8
    Orc (1/2) D:9

Altars:
Ashenzari
Cheibriados
Dithmenos
Elyvilon
Fedhas
Gozag
Hepliaklqana
Kikubaaqudgha
Makhleb
Nemelex Xobeh
Okawaru
Qazlal
Ru
Sif Muna
Trog
Uskayaw
Vehumet
Xom
Yredelemnul
Zin
The Shining One

Shops:
D:6 *   D:8 **?(

Annotations:
D:9 zkyp's ghost, journeyman HuGl


Message History

The five-headed hydra bites you but does no damage.
The five-headed hydra bites you.
* * * LOW HITPOINT WARNING * * *
Okay, then.
Unknown command.
Casting: Searing Ray
Confirm with . or Enter, or press ? or * to list all spells.
Aiming: Sticky Flame
Press: ? - help, Shift-Dir - straight line, f/p - five-headed hydra
Aim: a five-headed hydra (severely wounded, covered in liquid flames)
The sticky flame hits the five-headed hydra.
The five-headed hydra is almost dead.
The five-headed hydra is covered in liquid flames!
You are feeling hungry.
The five-headed hydra burns!
The five-headed hydra bites you but does no damage.
The five-headed hydra completely misses you.
The five-headed hydra barely misses you.
The five-headed hydra bites you!
You die...

### ######### ##(#
###
#@D..##.###..###.#
#####..#.....#...##
#.# ##............#
#.###.#............
#.'###...#.........
###)..###.#..####.#
#.### ####.# ##.
#...# #.## ## #####
###


You could see a five-headed hydra (burning).

Vanquished Creatures
  Pikel (D:5)
  An ugly thing (D:8)
  A manticore (D:9)
  Psyche (D:8)
  2 komodo dragons (D:8)
  A troll (Orc:1)
  3 hippogriffs (D:8)
  Grinder (D:3)
  2 spriggans
  2 wargs
  A water moccasin (D:8)
  A porcupine (Lair:1)
  An ice beast (D:8)
  10 orc warriors
  2 phantoms
  A swamp drake (D:8)
  3 ogres
  A sky beast (D:6)
  A wolf (Lair:1)
  2 necrophages
  2 centaurs
  A crocodile (D:8)
  Blork the orc (D:4)
  9 bullfrogs
  2 scorpions
  A water moccasin skeleton (D:8)
  3 wights (D:7)
  2 howler monkeys
  5 crimson imps
  A bullfrog zombie (D:5)
  6 hounds
  4 jellies (D:9)
  8 orc priests
  2 centaur skeletons
  10 orc wizards
  4 iguanas (D:8)
  10 worker ants
  A killer bee zombie (D:5)
  A hound zombie (D:9)
  A howler monkey zombie (D:6)
  4 gnolls (D:8)
  8 adders
  6 oozes
  An adder zombie (D:6)
  6 worms
  4 dart slugs
  9 leopard geckos
  39 orcs
  10 bats
  8 giant cockroaches
  15 goblins
  11 hobgoblins
  10 jackals
  19 kobolds
  6 quokkas
  A ball python (D:3)
  8 frilled lizards
  A jackal skeleton (D:4)
  A leopard gecko skeleton (D:8)
  A quokka skeleton (D:6)
  5 rats
  A plant (Lair:1)
286 creatures vanquished.

Vanquished Creatures (others)
  An orc (D:5)
  A quokka zombie (D:5)
2 creatures vanquished.

Grand Total: 288 creatures vanquished

Notes
Turn   | Place    | Note
-------+----------+-------------------------------------------
     0 | D:1      | dvd the Human Fire Elementalist began the quest for the Orb.
     0 | D:1      | Reached XP level 1. HP: 13/13 MP: 3/3
   424 | D:1      | Reached XP level 2. HP: 19/19 MP: 1/5
   556 | D:1      | Learned a level 2 spell: Throw Flame
   714 | D:1      | Reached XP level 3. HP: 21/24 MP: 2/6
   756 | D:1      | Learned a level 3 spell: Conjure Flame
  1571 | D:2      | Found a burning altar of Makhleb.
  1573 | D:2      | Found a shadowy altar of Dithmenos.
  1651 | D:2      | Found a deep blue altar of Sif Muna.
  1833 | D:2      | Reached XP level 4. HP: 30/30 MP: 3/7
  2292 | D:2      | Found a stormy altar of Qazlal.
  2293 | D:2      | Noticed a water elemental
  2294 | D:2      | Noticed an earth elemental
  2294 | D:2      | Noticed an air elemental
  2294 | D:2      | Noticed a fire elemental
  2542 | D:2      | Reached XP level 5. HP: 31/35 MP: 1/9
  2897 | D:3      | Noticed Grinder
  3518 | D:3      | Found a hazy altar of Hepliaklqana.
  4040 | D:3      | Reached skill level 3 in Spellcasting
  4056 | D:3      | Reached skill level 1 in Maces & Flails
  4056 | D:3      | Reached XP level 6. HP: 32/41 MP: 1/10
  4444 | D:3      | Paralysed by Grinder for 5 turns
  4449 | D:3      | Killed Grinder
  4449 | D:3      | Reached skill level 1 in Fighting
  4449 | D:3      | Reached XP level 7. HP: 27/48 MP: 0/12
  4664 | D:3      | Learned a level 4 spell: Sticky Flame
  5236 | D:4      | Noticed Blork the orc
  5244 | D:4      | Killed Blork the orc
  5809 | D:5      | Entered Level 5 of the Dungeon
  6033 | D:5      | Noticed Pikel
  6045 | D:5      | Killed Pikel
  6045 | D:5      | Reached skill level 4 in Spellcasting
  6045 | D:5      | Reached XP level 8. HP: 42/57 MP: 4/14
  6447 | D:5      | Found a staircase to the Ecumenical Temple.
  6462 | Temple   | Entered the Ecumenical Temple
  6505 | Temple   | Became a worshipper of Vehumet
  6773 | D:5      | Reached skill level 5 in Fire Magic
  7176 | D:5      | Reached XP level 9. HP: 53/62 MP: 9/15
  7522 | D:6      | Found a basalt altar of Yredelemnul.
  7888 | D:6      | Found Zin's Purification Station.
  7891 | D:6      | Found a glowing silver altar of Zin.
  8255 | D:6      | Found a basalt altar of Yredelemnul.
  8364 | D:6      | Reached * piety under Vehumet
  8364 | D:6      | Offered knowledge of Freeze by Vehumet.
  8375 | D:6      | Learned a level 1 spell: Freeze
  8564 | D:6      | Reached skill level 5 in Spellcasting
  8791 | D:7      | Reached skill level 1 in Ice Magic
  8826 | D:7      | Reached skill level 5 in Dodging
  8938 | D:7      | Learned a level 5 spell: Fireball
 10037 | D:7      | Found a sacrificial altar of Ru.
 10417 | D:8      | Found Ejim's Weapon Shoppe.
 10452 | D:8      | Reached XP level 10. HP: 64/69 MP: 13/18
 10465 | D:8      | Reached skill level 5 in Maces & Flails
 10621 | D:8      | Reached skill level 6 in Spellcasting
 10698 | D:7      | Reached skill level 5 in Conjurations
 10879 | D:8      | Noticed a green ugly thing
 10895 | D:8      | Killed a green ugly thing
 11020 | D:8      | Found Huniuci's Magic Scroll Shop.
 11053 | D:8      | Found Ysinavy's General Store.
 11144 | D:8      | Found Bessaa's General Store.
 11476 | D:8      | Found an iron altar of Okawaru.
 11476 | D:8      | Found a snail-covered altar of Cheibriados.
 11533 | D:8      | Noticed Psyche
 11566 | D:8      | Killed Psyche
 11566 | D:8      | Reached skill level 7 in Spellcasting
 11833 | D:8      | Offered knowledge of Sandblast by Vehumet.
 11848 | D:8      | Reached ** piety under Vehumet
 11865 | D:8      | Noticed a komodo dragon
 11885 | D:8      | Killed a komodo dragon
 11992 | D:8      | Noticed a komodo dragon
 12002 | D:8      | Killed a komodo dragon
 12114 | D:8      | Found a staircase to the Lair.
 12399 | D:9      | Noticed zkyp's ghost (journeyman HuGl)
 12536 | D:9      | Reached XP level 11. HP: 77/77 MP: 12/22
 12713 | D:9      | Noticed a manticore
 12724 | D:9      | Killed a manticore
 12818 | D:9      | Found a staircase to the Orcish Mines.
 13132 | Lair:1   | Entered Level 1 of the Lair of Beasts
 13136 | Lair:1   | Offered knowledge of Searing Ray by Vehumet.
 13262 | Lair:1   | Noticed a five-headed hydra
 13277 | D:8      | Reached skill level 8 in Spellcasting
 13533 | Orc:1    | Entered Level 1 of the Orcish Mines
 13716 | D:8      | Reached *** piety under Vehumet
 14086 | D:9      | Learned a level 2 spell: Searing Ray
 14339 | D:9      | HP: 3/78 [zkyp's ghost (5)]
 14743 | Orc:1    | Offered knowledge of Mephitic Cloud by Vehumet.
 15000 | Orc:1    | Noticed an orc warlord
 15171 | Orc:1    | Noticed an orc sorcerer
 15316 | D:8      | HP: 3/78 [five-headed hydra (10)]
 15321 | D:8      | HP: 3/78 [five-headed hydra (9)]
 15324 | D:8      | Slain by a five-headed hydra

Vault maps used:
D:1:      dpeg_arrival_morbid_curiosity
D:2:      nicolae_qazlal_style_of_elements, old_standard_altar,
          grunt_temple_overflow_open, first_bread, minmay_crystal_room,
          minmay_distorted
D:3:      lemuel_coloured_pillars_altar, minmay_unequal, uniq_grinder
D:4:      uniq_blork_the_orc
D:5:      uniq_pikel
D:6:      lemuel_doored_altar, zin_purify, basic_altar
D:7:      nicolae_ru_the_path_less_chosen
D:8:      gammafunk_temple_overflow_statue, erik_lair_dragon, serial_shops,
          shop, nicolae_shop_window_shopping, shop, shop, uniq_psyche
D:9:      david_orc_3, hangedman_little_slice_of_home, minmay_tree_intersection,
          due_unseen_surprise
Temple:   minmay_temple_bridge_abc
Lair:1:   wad_woods_02

Skill      XL: |  1  2  3  4  5  6  7  8  9 10 11 |
---------------+----------------------------------+-----
Conjurations   | 2 3 4 6 7 |  7.5
Spellcasting   | 3 4 5 7 8 |  8.3
Fire Magic     | 4 5 7 |  7.7
Maces & Flails | 1 3 4 5 6 |  6.0
Fighting       | 1 2 3 4 |  4.5
Dodging        | 3 5 6 |  6.3
Stealth        | 3 4 |  4.6
Ice Magic      | 1 2 |  2.8
Long Blades    | |  0.4

Action                   |  1- 3 |  4- 6 |  7- 9 | 10-12 || total
-------------------------+-------+-------+-------+-------++-------
Melee: Mace              |    12 |    52 |   211 |    63 ||   338
       Long sword        |       |       |    26 |       ||    26
       Whip              |       |       |    17 |   133 ||   150
       Scimitar          |       |       |       |     5 ||     5
 Cast: Flame Tongue      |    47 |    87 |   154 |   117 ||   405
       Throw Flame       |     9 |    21 |    30 |    74 ||   134
       Sticky Flame      |       |       |    20 |    47 ||    67
       Conjure Flame     |       |       |     1 |     1 ||     2
       Freeze            |       |       |    18 |     3 ||    21
       Fireball          |       |       |       |    13 ||    13
       Searing Ray       |       |       |       |     9 ||     9
  Use: Potion            |       |     2 |     5 |     7 ||    14
       Scroll            |       |       |     9 |     4 ||    13
 Stab: Sleeping          |     3 |     4 |     3 |     2 ||    12
       Distracted        |       |       |       |     1 ||     1
  Eat: Chunk             |     4 |    10 |    19 |    18 ||    51
       Royal jelly       |       |       |     2 |     1 ||     3
       Pizza             |       |       |       |     3 ||     3
Armor: Robe              |    13 |    11 |    97 |    61 ||   182
       Skin              |       |    44 |       |       ||    44
Dodge: Dodged            |    22 |    67 |   275 |   224 ||   588
